 Dungeon Crawl Stone Soup version 0.28-a0-1518-gbe868bca14 (webtiles) character file.

Game seed: 7643179471075184065

93 croobank the Caller (level 4, 0/27 HPs)
             Began as an Octopode Summoner on Jan 16, 2022.
             Was a Believer of Nemelex Xobeh.
             Slain by a goblin (3 damage)
             ... led by Robin
             ... on level 3 of the Dungeon.
             The game lasted 00:10:44 (2765 turns).

croobank the Caller (Octopode Summoner)             Turns: 2765, Time: 00:10:45

Health: 0/27       AC:  1    Str:  7    XL:     4   Next: 62%
Magic:  14/17      EV: 13    Int: 19    God:    Nemelex Xobeh [**....]
Gold:   87         SH:  0    Dex: 12    Spells: 2/8 levels left

rFire   . . .      SeeInvis .   a - +1 short sword (venom)
rCold   . . .      Faith    .   (no shield)
rNeg    . . .      Spirit   .   (helmet restricted)
rPois   .          Reflect  .   (no amulet)
rElec   .          Harm     .   l - ring of magical power
rCorr   .          Rampage  .   (no ring)
Will    .....                   (no ring)
Stlth   +++.......              (no ring)
HPRegen 0.09/turn               (no ring)
MPRegen 0.15/turn               (no ring)
                                (no ring)
                                (no ring)

@: no status effects
A: almost no armour, amphibious, 8 rings, camouflage 1, gelatinous body 1,
(nimble swimmer 1), tentacles
a: Renounce Religion, Draw Escape, Draw Destruction, Draw Summoning


You were on level 3 of the Dungeon.
You worshipped Nemelex Xobeh.
Nemelex Xobeh was pleased with you.
You visited 1 branch of the dungeon, and saw 3 of its levels.

You collected 87 gold pieces.

Inventory:

Hand Weapons
 a - a +1 short sword of venom (weapon)
 b - a +0 hunting sling
 d - a +0 dagger
 g - a +0 short sword
 k - a +0 dagger of flaming
Missiles
 e - 11 sling bullets
 m - 95 stones
Jewellery
 l - a ring of magical power (left tentacle)
Scrolls
 j - a scroll of teleportation {unknown}
Potions
 f - a potion of haste
 h - a potion of lignification {unknown}
 i - a potion of cancellation {unknown}


   Skills:
 + Level 2.8 Dodging
 + Level 4.1 Stealth
 + Level 2.7 Spellcasting
 + Level 4.5 Summonings


You had 2 spell levels left.
You knew the following spells:

 Your Spells              Type           Power      Damage    Failure   Level
a - Summon Small Mammal   Summ           76%        N/A       2%          1
b - Call Imp              Summ           19%        N/A       3%          2
c - Call Canine Familiar  Summ           19%        N/A       7%          3

Your spell library contained the following spells:

 Spells                   Type           Power      Damage    Failure   Level
 Pain                     Necr           8%         1d4       16%         1
 Summon Guardian Golem    Hex/Summ       11%        N/A       19%         3
 Summon Lightning Spire   Summ/Air       11%        N/A       52%         4


Dungeon Overview and Level Annotations

Branches:
Dungeon (3/15)

Altars:
Nemelex Xobeh

Annotations:
D:3 Robin


Innate Abilities, Weirdness & Mutations

You cannot wear most types of armour.
You are amphibious.
You can wear up to eight rings at the same time.
Your skin changes colour to match your surroundings (Stealth+).
Your rubbery body absorbs attacks. (AC +1, EV +1)
((You are camouflaged when in or above water. (Stealth+)))
You have tentacles for arms and can constrict up to eight enemies at once.


Message History

You start resting.
HP restored.
Okay, then.
You climb downwards.
You hear the sound of rushing water.
There is an entrance to a sewer on this level.
Hurry and find it before the portal rusts away!
Level annotation: Robin You hear the rusting of a drain nearby.
The hobgoblin hits you. The endoplasm freezes you.
You are frozen.
The frilled lizard closely misses you. Robin throws the goblin at you!
A goblin comes into view. It is wielding a +0 club.
There is a stone staircase leading up here.
Casting: Call Canine Familiar (quite dangerous; 7% risk of failure)
Confirm with . or Enter, or press ? or * to list all spells.
The spell is quite dangerous to miscast (7% risk of failure)!
Continue anyway?
The goblin shouts!
The goblin barely misses you. The hobgoblin hits you.
The endoplasm freezes you.
You are frozen.
The frilled lizard bites you.
You draw a card...
You have drawn Vitriol.
Press: ? - help, Shift-Dir - straight line, f - endoplasm
Aim: an endoplasm The glob of acid hits the endoplasm.
The endoplasm completely resists.
The goblin hits you with a +0 club.
* * * LOW HITPOINT WARNING * * *
The endoplasm hits you but does no damage.
The hobgoblin hits you but does no damage.
Your hound misses the goblin.
The frilled lizard bites you but does no damage.
The hobgoblin hits you.
* * * LOW HITPOINT WARNING * * *
As you read the scroll labelled QAOCRA ALUN, it crumbles to dust.
It is a scroll of enchant armour.
You aren't carrying any armour which can be enchanted further.
Your hound closely misses the goblin.
The goblin hits you with a +0 club.
You die...
Your body disappears without a glow.

...#..# #....
....#..###..)(.
..............)
..........g....
...?.>$...ggg..
.......?..>....
.....hg.g......
......l@g......
....##J##$:....
. #. ..... ..
.... .#. ...
.#.. ## #. .. $
.#


You could see Robin, an endoplasm, 3 hobgoblins, 3 goblins, a frilled lizard and
a friendly hound (summoned).

Vanquished Creatures
  2 adders (D:2)
  An endoplasm (D:1)
  4 giant cockroaches
  9 goblins
  8 hobgoblins
  3 jackals
  2 kobolds
  3 quokkas
  A ball python (D:2)
  2 bats
  2 frilled lizards (D:2)
37 creatures vanquished.

Vanquished Creatures (collateral kills)
  An adder (D:2)
  A worm (D:2)
  A dart slug (D:2)
  2 endoplasms (D:1)
  A giant cockroach (D:1)
  A goblin (D:1)
  5 jackals
  A ball python (D:2)
  A frilled lizard (D:1)
  A kobold (D:2)
  A rat (D:1)
16 creatures vanquished.

Vanquished Creatures (others)
  2 plants (D:1)
2 creatures vanquished.

Grand Total: 55 creatures vanquished

Notes
Turn   | Place    | Note
-------+----------+-------------------------------------------
     0 | D:1      | croobank the Octopode Summoner began the quest for the Orb.
     0 | D:1      | Reached XP level 1. HP: 11/11 MP: 3/3
    88 | D:1      | Found a faded altar of an unknown god.
   100 | D:1      | Got Plato's Papyrus of Dark Secrets
   101 | D:1      | Prayed at the altar of an unknown god.
   101 | D:1      | Became a worshipper of Nemelex Xobeh the Trickster
   101 | D:1      | Reached * piety under Nemelex Xobeh
   101 | D:1      | Received a gift from Nemelex Xobeh
   123 | D:1      | Reached XP level 2. HP: 13/17 MP: 5/5
   126 | D:1      | Learned a level 2 spell: Call Imp
  1007 | D:1      | Reached XP level 3. HP: 14/21 MP: 6/6
  1011 | D:1      | Learned a level 3 spell: Call Canine Familiar
  1562 | D:2      | Reached ** piety under Nemelex Xobeh
  1726 | D:2      | Reached XP level 4. HP: 17/27 MP: 7/7
  2161 | D:2      | Received a gift from Nemelex Xobeh
  2449 | D:3      | Noticed Robin
  2765 | D:3      | Slain by a goblin

Illustrated notes

Levels and vault maps discovered:
D:1:      eino_arrival_water_star, layout_loops_ring,
          shapermc_ecumenical_altar_rom_forum
D:2:      layout_loops_ring, minmay_indecisive_spiral
D:3:      layout_rooms, nicolae_ru_awakened_eye, cheibrodos_sewer_entry_sluice,
          uniq_jessica, uniq_crazy_yiuf_cottage, uniq_robin

Skill      XL: |  1  2  3  4 |
---------------+-------------+-----
Stealth        | 3 4 |  4.1
Dodging        | |  2.8
Spellcasting   | |  2.7
Summonings     | |  4.5

Action                   |  1- 3 |  4- 6 || total
-------------------------+-------+-------++-------
Melee: Unarmed           |     8 |       ||     8
       Constrict         |    14 |     6 ||    20
       Tentacles         |    13 |     4 ||    17
       Dagger            |    30 |     3 ||    33
       Punch             |     1 |     1 ||     2
       Short sword       |    15 |    16 ||    31
 Cast: Summon Small Mamm |    15 |     3 ||    18
       Call Canine Famil |     2 |     5 ||     7
       Call Imp          |     1 |     2 ||     3
Invok: Draw Summoning    |     1 |       ||     1
       Draw Destruction  |       |     2 ||     2
       Draw Escape       |       |     1 ||     1
  Use: Scroll            |       |     1 ||     1
       Potion            |       |     1 ||     1
 Stab: Sleeping          |     5 |     2 ||     7
Armor: Skin              |     7 |     4 ||    11
Dodge: Dodged            |    40 |    26 ||    66

Table legend: (Time is in decaauts)
 A = Elapsed time spent in this place.
 B = Non-inter-level travel time spent in this place.
 C = Inter-level travel time spent in this place.
 D = Time resting spent in this place.
 E = Time spent auto-exploring this place.
 F = Levels seen in this place.
 G = Mean time per level.
                   A        B        C        D        E       F      G
               +--------+--------+--------+--------+--------+-----+--------+
         Total |   2747 |   2665 |     82 |    523 |   1624 |   3 |  915.7 |
       Dungeon |   2747 |   2665 |     82 |    523 |   1624 |   3 |  915.7 |
               +--------+--------+--------+--------+--------+-----+--------+

Top non-repeatable levels by time:
     D:1: 1537 daAuts
     D:2: 1198 daAuts
     D:3: 11 daAuts
